 Dungeon Crawl Stone Soup version 0.18-a0-775-g4d9e04e (webtiles) character file.

50 Proton the Skirmisher (level 3, -2/41 HPs)
             Began as an Ogre Fighter on Dec 13, 2015.
             Killed by divine providence
             ... invoked by an orc priest
              (14 damage)
             ... on level 3 of the Dungeon.
             The game lasted 00:02:33 (1737 turns).

Proton the Skirmisher (Ogre Fighter)                Turns: 1737, Time: 00:02:34

Health: -2/41      AC:  3    Str: 22    XL:     3   Next: 79%
Magic:  0/3        EV: 10    Int:  7    God:
Gold:   117        SH:  0    Dex:  9    Spells: 0 memorised, 2 levels left

rFire  . . .     SeeInvis .     a - +0 flail
rCold  . . .     Clarity  .     b - +0 robe
rNeg   . . .     SustAt   .     (no shield)
rPois  .         Gourm    .     (helmet restricted)
rElec  .         Spirit   +     (no cloak)
rCorr  .         Dismiss  .     (gloves unavailable)
rMut   .         Stasis   .     (boots unavailable)
MR     .....                    n - amulet of guardian spirit
Stlth  ++........               (no ring)
                                l - ring of stealth

@: not resistant to hostile enchantments, unstealthy
A: unfitting armour, tough skin 1
a: no special abilities


You were on level 3 of the Dungeon.
You were not hungry.

You visited 1 branch of the dungeon, and saw 3 of its levels.

You collected 117 gold pieces.

Inventory:

Hand Weapons
 a - a +0 flail (weapon)
Armour
 b - a +0 robe (worn)
Jewellery
 l - a ring of stealth (left hand)
 n - an amulet of guardian spirit (around neck)
Scrolls
 e - 2 scrolls of fear {unknown}
 h - 3 scrolls of teleportation {unknown}
 o - a scroll of identify {unknown}
Potions
 c - 2 potions of curing {unknown}
 d - a potion of might
 g - 2 potions of degeneration {unknown}
 i - a potion of mutation {unknown}
 k - 3 potions of lignification {unknown}
 m - 2 potions of heal wounds {unknown}
Comestibles
 f - 2 bread rations
 j - 4 fruits


   Skills:
 + Level 4.8 Fighting
 * Level 4.0 Maces & Flails
 + Level 3.1 Dodging
   Level 2.6 Shields


You had 2 spell levels left.
You didn't know any spells.

Dungeon Overview and Level Annotations

Branches:
Dungeon (3/15)

Altars:
Ashenzari
Cheibriados
Kikubaaqudgha
Makhleb
Okawaru
Qazlal
Ru
Trog


Innate Abilities, Weirdness & Mutations

You are too large for most types of armour.
You have tough skin (AC +1).


Message History

The jackal bites you but does no damage. x2
An orc comes into view. It is wielding a club.
You closely miss the jackal.
The jackal is almost dead.
The jackal bites you.
The orc moves out of view.
You barely miss the jackal.
The jackal is almost dead.
The jackal bites you but does no damage.
The jackal bites you.
An orc priest comes into view. It is wielding a falchion.
You barely miss the jackal.
The jackal is almost dead.
The orc priest shouts!
The jackal misses you. The jackal bites you.
* * * LOW HITPOINT WARNING * * *
You sock the jackal!
You kill the jackal!
The orc priest calls down the wrath of Beogh upon you.
Something smites you!
You die...

### #.. #.#
#.# #
#.########.
#.#@#.......%
#.#†#.#.h....
#..oo..h.....
#.#....o#....
#.#<#...# h #
#...o...#
#.#.#.#.#
###.#.#.#
..... .


You could see an orc warrior and 2 orc priests.

Vanquished Creatures
  An adder (D:2)
  2 giant geckos
  2 bats (D:1)
  3 giant cockroaches
  5 hobgoblins
  5 jackals (D:3)
  8 giant newts
  5 goblins
  3 kobolds
  6 rats
40 creatures vanquished.

Notes
Turn   | Place    | Note
--------------------------------------------------------------
     0 | D:1      | Proton the Ogre Fighter began the quest for the Orb.
     0 | D:1      | Reached XP level 1. HP: 24/24 MP: 1/1
   253 | D:1      | Reached XP level 2. HP: 29/32 MP: 2/2
   959 | D:2      | Reached XP level 3. HP: 40/40 MP: 3/3
  1113 | D:2      | Found a snail-covered altar of Cheibriados.
  1116 | D:2      | Found a stormy altar of Qazlal.
  1118 | D:2      | Found a burning altar of Makhleb.
  1120 | D:2      | Found a bloodstained altar of Trog.
  1122 | D:2      | Found an iron altar of Okawaru.
  1242 | D:2      | Found an ancient bone altar of Kikubaaqudgha.
  1244 | D:2      | Found a shattered altar of Ashenzari.
  1247 | D:2      | Found a sacrificial altar of Ru.
  1728 | D:3      | Noticed an orc warrior
  1737 | D:3      | Killed from afar by an orc priest

Vault maps used:
D:1:      lightli_arrival_boilingwater, corexii_leaking_fountain,
          roderic_curled_sauvastika
D:2:      gammafunk_temple_overflow_forgotten, minitemple,
          minmay_misc_feat_cross, minmay_lizard_king
D:3:      xom_teletrap_fun, kennysheep_minor_cross, uniq_terence, uniq_natasha

Action                   || total
-------------------------++-------
Melee: Flail             ||   126
  Eat: Meat ration       ||     1
